 Dungeon Crawl Stone Soup version 0.31-a0-1612-g4aaf141004 (webtiles) character file.

Game seed: 10612962965366559795

76 night the Cutter (level 4, 0/36 HPs)
             Began as a Vine Stalker Berserker on Jan 9, 2024.
             Was a Believer of Trog.
             Slain by a gnoll
             ... wielding a +0 club
              (5 damage)
             ... on level 2 of the Dungeon.
             The game lasted 00:02:00 (1087 turns).

night the Cutter (Vine Stalker Berserker)           Turns: 1087, Time: 00:02:01

Health: 0/36       AC:  3    Str: 21    XL:     4   Next: 32%
Magic:  0/5        EV: 12    Int:  7    God:    Trog [**....]
Gold:   44         SH:  0    Dex: 14    Spells: 3/3 levels left

rFire   . . .        a - +0 short sword
rCold   . . .        (no shield)
rNeg    . . .        b - +0 animal skin
rPois   .            (no helmet)
rElec   .            d - +0 cloak
rCorr   .            (no gloves)
SInv    .            (no boots)
Will    .....        (no amulet) Stlth
                     (no ring)
HPRegen 1.06/turn    (no ring)
MPRegen 0.09/turn

%: guardian spirit
@: berserking, very quick
A: fangs 2, regeneration 1, magic shield, antimagic bite, no potion heal 2
a: Renounce Religion, Berserk, Trog's Hand


You were on level 2 of the Dungeon.
You worshipped Trog.
Trog was pleased with you.
You visited 1 branch of the dungeon, and saw 2 of its levels.

You collected 44 gold pieces.

Inventory:

Hand Weapons
 a - a +0 short sword (weapon)
Missiles
 h - 15 stones (quivered)
Armour
 b - a +0 animal skin (worn)
 d - a +0 cloak (worn)
Scrolls
 c - a scroll of immolation {unknown}
 e - 2 scrolls of identify {unknown}
 f - 3 scrolls of brand weapon {unknown}
 g - 2 scrolls of enchant weapon {unknown}
 i - a scroll of blinking {unknown}
Potions
 j - a potion of haste {unknown}


   Skills:
 + Level 3.2 Fighting
 + Level 3.2 Short Blades
 + Level 2.1 Armour
 + Level 2.1 Dodging
 + Level 1.0 Evocations


You had 3 spell levels left.
You didn't know any spells.
Your spell library was empty.

Dungeon Overview and Level Annotations

Branches:
Dungeon (2/15)

Altars:


Innate Abilities, Weirdness & Mutations

You have extremely sharp teeth.
Your natural rate of healing is unusually fast.
When hurt, damage is shared between your health and your magic reserves.
Your bite disrupts and absorbs the magic of your enemies.
Potions cannot restore your health.


Message History

Trog accepts your kill.
No target in view!
No target in view!
No target in view!
No target in view!
No target in view!
No target in view!
No target in view!
No target in view!
No target in view!
No target in view!
No target in view!
A gnoll comes into view. It is wielding a +1 flail of pain.
The gnoll shouts!
You hear a shout!
A gnoll comes into view. It is wielding a +0 club.
A gnoll comes into view. It is wielding a +0 spear.
The gnoll shouts!
You hear a shout!
You closely miss the gnoll. You hit the gnoll.
The gnoll is moderately wounded.
The gnoll hits you with a +1 flail of pain!
You hit the gnoll.
The gnoll is severely wounded.
The gnoll hits you with a +0 club. The gnoll misses you.
You hit the gnoll. You bite the gnoll.
You kill the gnoll!
Trog accepts your kill. The gnoll hits you with a +0 club.
The gnoll hits you but does no damage.
Your Evocations skill increases to level 1!
You are too injured to fight recklessly!
A red film seems to cover your vision as you go berserk!
You feel yourself moving faster!
You feel mighty! The gnoll hits you with a +0 club.
The gnoll hits you from afar with a +0 spear!
* * * LOW HITPOINT WARNING * * *
You barely miss the gnoll. You puncture the gnoll! Your bite misses the gnoll.
The gnoll is almost dead.
The gnoll hits you with a +0 club.
You die...

#.## ...# ###..# ....#
#...# ##...#######
#...)gg....# #. #...@# . .
#. ######....# #.#.#.#
#.........#
#.#.#.#######.####....#
#.#...................#
#.#.#........:####...##
.....................#
.........†...........#####
#.#.#...#.###.....†.......


You could see 2 gnolls.

Vanquished Creatures
  A gnoll (D:2)
  2 adders (D:2)
  3 dart slugs
  9 bats
  2 endoplasms (D:2)
  A giant cockroach (D:1)
  3 goblins (D:1)
  4 hobgoblins (D:1)
  7 jackals
  3 ball pythons (D:1)
  3 kobolds
  A rat (D:1)
39 creatures vanquished.

Notes
Turn   | Place    | Note
-------+----------+-------------------------------------------
     0 | D:1      | night the Vine Stalker Berserker began the quest for the
                  | Orb.
     0 | D:1      | Reached XP level 1. HP: 11/11 MP: 2/2
    82 | D:1      | Reached XP level 2. HP: 16/16 MP: 3/3
   468 | D:1      | Reached XP level 3. HP: 17/19 MP: 0/4
   517 | D:1      | Found a faded altar of an unknown god.
   580 | D:1      | Reached skill level 2 in Armour
   834 | D:2      | Reached ** piety under Trog
   842 | D:2      | Reached skill level 2 in Dodging
   948 | D:2      | Reached XP level 4. HP: 21/24 MP: 5/5
  1085 | D:2      | Reached skill level 1 in Evocations
  1085 | D:2      | HP: 4/36 [gnoll/+0 spear (7)]
  1087 | D:2      | Slain by a gnoll

Illustrated notes

Levels and vault maps discovered:
D:1:      minmay_arrival_stone_box, layout_loops_ring,
          ebering_ecumenical_altar_rust
D:2:      layout_basic

Skill      XL: |  1  2  3  4 |
---------------+-------------+-----
Short Blades   | 3 |  3.2
Fighting       | 3 |  3.2
Armour         | 2 |  2.1
Dodging        | 2 |  2.1
Evocations     | 1 |  1.0

Action                     |  1- 3 |  4- 6 || total
---------------------------+-------+-------++-------
  Melee: Short sword       |   136 |    20 ||   156
         Bite              |    34 |     7 ||    41
 Invoke: Berserk           |     1 |     1 ||     2
   Stab: Sleeping          |     2 |       ||     2
 Armour: Animal skin       |    70 |    14 ||    84
  Dodge: Dodged            |    99 |    16 ||   115

Table legend: (Time is in decaauts)
 A = Elapsed time spent in this place.
 B = Non-inter-level travel time spent in this place.
 C = Inter-level travel time spent in this place.
 D = Time resting spent in this place.
 E = Time spent auto-exploring this place.
 F = Levels seen in this place.
 G = Mean time per level.
                   A        B        C        D        E       F      G
               +--------+--------+--------+--------+--------+-----+--------+
         Total |   1073 |   1059 |     14 |     50 |    727 |   2 |  536.5 |
       Dungeon |   1073 |   1059 |     14 |     50 |    727 |   2 |  536.5 |
               +--------+--------+--------+--------+--------+-----+--------+

Top non-repeatable levels by time:
     D:1: 811 daAuts
     D:2: 261 daAuts
